Map: [ESL] Moondance

Players

ShoWTimE - Winner!

  • Race: Protoss Protoss
  • Spawn Location: 6:00

maru

  • Race: Terran Terran
  • Spawn Location: 12:00

Event: TSL 9

VOD

Have the link to the VOD?

Description

Time

  • Played on: Aug. 5, 2022, 11:16 a.m.
  • Length: 38:28

All games in this series

Show
View Real Time Build Order
Export as new Build Order

ShoWTimE Protoss - Winner!

Build Orders: 1 Gate Expand, Oracle Opening, Carriers 

Get SALT Encoding   

  12  0:00  Probe  
  13  0:12  Probe  
  14  0:17  Pylon  
  14  0:24  Probe (Chrono Boost)  
  15  0:36  Gateway, Probe (Chrono Boost)  
  16  0:44  Probe (Chrono Boost)  
  16  0:45  Assimilator  
  17  0:51  Probe  
  18  1:03  Probe  
  19  1:18  Nexus  
  19  1:27  Cybernetics Core  
  19  1:31  Probe  
  20  1:36  Assimilator  
  20  1:43  Probe  
  20  1:46  Pylon  
  21  1:55  Probe  
  22  2:01  Adept (Chrono Boost)  
  22  2:07  Probe  
  25  2:12  Stargate  
  25  2:19  Probe  
  25  2:20  Warp Gate  
  25  2:22  Adept (Chrono Boost)  
  29  2:30  Probe (Chrono Boost)  
  29  2:36  Probe (Chrono Boost)  
  30  2:41  Probe (Chrono Boost)  
  32  2:45  Adept  
  32  2:46  Probe x2 (Chrono Boost)  
  35  2:56  Probe  
  35  2:57  Probe  
  35  2:58  Oracle  
  40  3:08  Probe, Pylon  
  40  3:09  Probe  
  42  3:15  Adept  
  43  3:20  Probe  
  43  3:21  Probe  
  45  3:28  Gateway  
  45  3:32  Probe  
  45  3:33  Probe  
  47  3:34  Oracle (Chrono Boost)  
  50  3:41  Pylon  
  50  3:44  Probe, Assimilator  
  50  3:45  Probe  
  52  3:54  Pylon  
  52  3:56  Probe  
  52  3:57  Probe  
  54  4:08  Probe  
  54  4:09  Probe  
  56  4:14  Nexus  
  56  4:20  Phoenix, Probe  
  56  4:22  Probe  
  60  4:30  Robotics Facility  
  60  4:32  Twilight Council  
  60  4:33  Probe  
  60  4:34  Probe  
  62  4:39  Assimilator  
  62  4:42  Sentry  
  62  4:45  Probe  
  65  4:46  Probe  
  65  4:49  Shield Battery  
  66  4:54  Gateway  
  66  4:55  Gateway  
  66  4:59  Pylon  
  66  5:02  Gateway  
  66  5:04  Probe  
  66  5:05  Probe  
  68  5:11  Stalker  
  70  5:17  Probe  
  70  5:18  Probe  
  71  5:30  Robotics Bay  
  71  5:34  Charge (Chrono Boost), Probe  
  72  5:36  Probe x2  
  72  5:41  Observer  
  75  5:46  Probe  
  75  5:48  Probe  
  77  5:50  Pylon  
  77  5:51  Sentry, Probe  
  77  5:52  Zealot x2  
  77  5:54  Zealot  
  86  5:57  Zealot  
  86  6:00  Pylon  
  88  6:04  Immortal (Chrono Boost)  
  88  6:10  Probe x3  
  95  6:22  Phoenix, Probe  
  95  6:23  Pylon  
  98  6:29  Pylon  
  98  6:32  Zealot  
  100  6:33  Colossus (Chrono Boost)  
  100  6:35  Zealot  
  100  6:39  Pylon  
  108  6:40  Pylon  
  108  6:41  Extended Thermal Lance  
  108  6:47  Phoenix  
  108  6:49  Zealot x2  
  108  6:54  Probe x3  
  117  6:57  Assimilator  
  117  7:01  Assimilator  
  117  7:04  Forge  
  117  7:06  Probe x2  
  119  7:08  Forge  
  119  7:14  Probe  
  120  7:18  Colossus (Chrono Boost)  
  120  7:20  Pylon  
  126  7:24  Blink  
  126  7:28  Nexus  
  126  7:36  Gateway  
  126  7:37  Gateway, Protoss Ground Armor Level 1 (Chrono Boost)  
  126  7:38  Protoss Ground Weapons Level 1 (Chrono Boost)  
  126  7:40  Gateway  
  126  7:41  Probe x3  
  129  7:52  Pylon  
  129  7:56  Templar Archives  
  129  8:02  Colossus (Chrono Boost), Pylon  
  135  8:08  Zealot x3  
  135  8:11  Zealot x2  
  145  8:13  Probe  
  145  8:14  Probe  
  145  8:15  Probe  
  145  8:19  Pylon  
  148  8:30  Pylon  
  148  8:34  Zealot x2, High Templar x4  
  156  8:35  Zealot, Pylon  
  156  8:38  Archon x2  
  162  8:56  Warp Prism (Chrono Boost)  
  162  9:01  Robotics Facility  
  164  9:04  Nexus, Pylon  
  164  9:14  Probe x4  
  168  9:17  Assimilator  
  168  9:24  Gateway  
  168  9:26  Gateway, High Templar x2  
  168  9:28  Disruptor (Chrono Boost)  
  168  9:31  Archon  
  175  9:32  Protoss Ground Armor Level 2 (Chrono Boost), Protoss Ground Weapons Level 2 (Chrono Boost)  
  175  9:38  Protoss Air Weapons Level 1 (Chrono Boost)  
  175  9:42  Photon Cannon  
  173  9:49  Disruptor (Chrono Boost)  
  173  9:53  Disruptor (Chrono Boost)  
  179  10:00  Photon Cannon  
  179  10:03  Shield Battery  
  179  10:06  Photon Cannon  
  178  10:16  Gravitic Drive (Chrono Boost)  
  178  10:18  Disruptor  
  181  10:21  Disruptor  
  181  10:24  Photon Cannon  
  184  10:31  Probe x4  
  184  10:33  Probe  
  189  10:39  Fleet Beacon  
  185  10:42  Stargate  
  179  10:51  Stargate  
  179  10:52  Assimilator  
  179  10:54  Assimilator  
  179  10:57  Disruptor  
  182  11:07  Gravitic Boosters (Chrono Boost)  
  182  11:26  Stalker x5  
  192  11:38  Carrier x2 (Chrono Boost)  
  200  11:53  Protoss Air Weapons Level 2 (Chrono Boost)  
  200  11:58  Gateway  
  200  12:00  Carrier (Chrono Boost)  
  200  12:01  Dark Shrine, Gateway  
  200  12:06  Gateway  
  200  12:10  Gateway, Psionic Storm  
  200  12:13  Protoss Ground Armor Level 3 (Chrono Boost)  
  200  12:14  Protoss Ground Weapons Level 3 (Chrono Boost)  
  200  12:15  Pylon  
  200  12:34  Nexus  
  200  12:36  Pylon  
  197  12:44  Carrier (Chrono Boost)  
  197  12:51  Pylon  
  191  12:53  Carrier (Chrono Boost)  
  191  13:00  Carrier (Chrono Boost)  
  191  13:01  Photon Cannon  
  197  13:08  High Templar  
  197  13:12  Photon Cannon x2  
  199  13:14  Shield Battery  
  197  13:25  Photon Cannon  
  197  13:26  Photon Cannon, High Templar x2  
  197  13:28  Photon Cannon  
  197  13:30  Photon Cannon  
  197  13:31  Shield Battery  
  197  13:33  Shield Battery  
  197  13:34  Cybernetics Core  
  197  13:35  Pylon  
  197  13:42  Carrier  
  197  13:46  Assimilator  
  197  13:51  Assimilator  
  197  14:07  Pylon  
  197  14:14  Observer x2 (Chrono Boost)  
  199  14:18  Protoss Air Weapons Level 3 (Chrono Boost)  
  199  14:32  Gateway  
  199  14:34  Gateway  
  199  14:37  Gateway  
  199  14:40  Gateway  
  199  14:44  Pylon  
  199  14:51  Nexus  
  199  14:53  Pylon  
  181  15:06  Protoss Shields Level 1  
  192  15:10  Tempest x2 (Chrono Boost)  
  189  15:20  Observer x2, Tempest (Chrono Boost)  
  190  15:31  Stargate  
  190  15:33  High Templar x3  
  190  15:34  Stargate  
  196  15:37  Protoss Air Armor Level 1 (Chrono Boost)  
  196  15:40  High Templar  
  196  15:42  High Templar  
  200  15:44  Photon Cannon  
  200  15:46  Photon Cannon  
  200  15:49  Photon Cannon  
  199  16:14  Observer  
  199  16:15  Nexus  
  199  16:18  Pylon  
  199  16:36  Observer  
  199  16:53  Gateway  
  199  16:54  Gateway  
  199  16:55  Gateway  
  199  16:57  Gateway  
  199  16:59  Observer  
  199  17:01  Gateway  
  199  17:03  Observer  
  199  17:04  Shield Battery  
  199  17:06  Shield Battery  
  200  17:08  Shield Battery  
  200  17:11  Photon Cannon  
  200  17:13  Photon Cannon  
  200  17:14  High Templar  
  189  17:25  High Templar  
  189  17:29  Tempest  
  196  17:33  Photon Cannon  
  196  17:36  Shield Battery  
  196  17:40  Pylon  
  196  18:02  Protoss Shields Level 2 (Chrono Boost)  
  196  18:12  Tempest  
  200  18:20  Protoss Air Armor Level 2 (Chrono Boost)  
  194  18:55  Tempest  
  199  19:06  Pylon  
  194  19:58  Shield Battery  
  194  20:06  Oracle  
  192  20:11  Observer  
  187  20:23  High Templar x5  
  187  20:24  High Templar  
  187  20:25  Shield Battery  
  187  20:26  Nexus  
  187  20:27  Shield Battery  
  199  20:28  Shield Battery  
  199  20:30  Shield Battery  
  199  20:35  Observer  
  199  20:38  Observer  
  199  20:49  Oracle  
  198  21:17  Stalker x2  
  200  21:28  Pylon  
  200  21:30  Nexus  
  196  21:58  Assimilator  
  196  22:02  Assimilator  
  196  22:19  Phoenix  
  194  22:32  Zealot x3  
  200  22:40  Probe  
  194  22:49  Tempest  
  194  22:51  Tempest  
  198  22:59  Nexus  
  198  23:01  Pylon  
  194  23:12  High Templar x2  
  194  23:17  Pylon  
  194  23:19  Shield Battery  
  196  23:21  Shield Battery  
  182  23:37  Zealot x6  
  182  23:38  Zealot x3, Dark Templar  
  192  24:05  Oracle  
  192  24:06  Oracle  
  180  24:17  Probe  
  180  24:18  Probe x2  
  180  24:19  Probe x2  
  180  24:23  Tempest  
  180  24:24  Tempest  
  195  24:29  Photon Cannon  
  195  24:31  Photon Cannon  
  195  24:32  Photon Cannon, Assimilator x2  
  195  24:34  Photon Cannon  
  195  24:35  Shield Battery  
  195  24:38  Shield Battery  
  195  24:41  Pylon  
  195  24:44  Nexus, Assimilator  
  195  24:46  Assimilator  
  194  25:24  Stalker x3  
  187  25:44  Tempest x3  
  186  25:51  Stalker x7  
  194  26:15  High Templar x3  
  194  26:17  Observer  
  184  26:24  Shadow Stride  
  184  26:26  Probe x2  
  186  26:35  Nexus  
  186  26:46  Assimilator  
  186  26:47  Assimilator  
  186  26:52  Observer  
  183  27:01  Oracle x2  
  183  27:05  Assimilator  
  189  27:09  Dark Templar x5, Photon Cannon  
  189  27:10  Shield Battery  
  189  27:11  Pylon  
  167  27:57  Archon  
  167  27:58  Archon, Stalker x11  
  122  27:59  Stalker x8  
  122  28:00  Disruptor x2, Stalker x3  
  130  28:13  Probe x2  
  130  28:14  Stalker  
  132  28:24  Stalker x7  
  132  28:25  Stalker x10  
  162  28:36  Disruptor x2  
  164  28:47  Probe x4  
  164  28:48  Probe x3  
  171  28:52  Tempest x4  
  171  28:53  Tempest  
  196  28:57  Zealot x2  
  196  29:11  Disruptor  
  199  29:21  Disruptor  
  175  29:24  Zealot x11  
  175  29:25  Zealot  
  197  29:38  Pylon  
  192  29:55  Assimilator  
  168  30:01  Tempest x3  
  168  30:04  Nexus  
  168  30:07  Pylon  
  182  30:12  Photon Cannon  
  182  30:14  Photon Cannon  
  166  30:24  Disruptor x2  
  166  30:25  High Templar  
  166  30:28  Zealot x11  
  180  30:29  Zealot x3  
  200  30:47  Assimilator  
  200  30:52  Pylon  
  198  31:03  High Templar  
  200  31:08  Pylon  
  187  31:46  Photon Cannon  
  181  31:47  Observer (Chrono Boost)  
  181  31:48  Photon Cannon  
  181  31:50  Photon Cannon  
  181  31:55  High Templar  
  181  31:56  Observer (Chrono Boost), High Templar x2  
  183  32:04  Observer (Chrono Boost)  
  184  32:22  Nexus  
  183  32:23  Observer  
  183  32:25  Assimilator  
  183  32:29  Stalker x8  
  151  33:02  Disruptor x2  
  144  33:08  Zealot x12  
  144  33:09  Zealot x11  
  164  33:19  Tempest x3  
  145  33:30  Stalker x5  
  145  33:31  Zealot x11  
  145  33:32  Zealot x7  
  184  33:38  Disruptor x2  
  160  33:55  Observer  
  133  33:58  Stalker x8  
  116  34:11  Zealot x4  
  116  34:15  Observer  
  122  34:27  Zealot x10  
  122  34:30  Nexus  
  131  34:33  Zealot x9  
  142  34:42  Observer  
  140  34:49  Zealot x13  
  162  34:59  Pylon  
  162  35:06  Zealot x2, Stalker x5  
  176  35:07  Zealot x3  
  182  35:23  Observer  
  117  35:46  Observer  
  117  35:56  Observer  
  116  36:13  Nexus  
  116  36:14  Pylon  
  116  36:44  Disruptor (Chrono Boost)  
  116  36:46  Disruptor (Chrono Boost)  
  122  36:49  Observer  
  117  37:10  Disruptor (Chrono Boost)  
  123  37:16  Disruptor (Chrono Boost)  
  121  37:39  High Templar  
  101  38:01  Zealot  
  101  38:02  Zealot  
  72  38:10  Zealot  
Show
View Real Time Build Order
Export as new Build Order

maru Terran 

Build Orders:  

Get SALT Encoding   

  12  0:00  SCV  
  13  0:12  SCV  
  14  0:17  Supply Depot  
  14  0:24  SCV  
  15  0:38  SCV  
  15  0:39  Barracks  
  16  0:44  Refinery  
  16  0:50  SCV  
  16  0:54  Refinery  
  17  1:03  SCV  
  18  1:15  SCV  
  19  1:27  Supply Depot, Reaper, Orbital Command  
  20  1:41  Factory  
  20  1:53  SCV  
  21  1:59  Reaper  
  22  2:05  SCV  
  23  2:17  SCV  
  23  2:20  Command Center  
  24  2:25  Hellion  
  24  2:29  SCV  
  27  2:33  Barracks Reactor  
  27  2:35  Supply Depot  
  27  2:41  SCV  
  28  2:44  Starport  
  28  2:52  Widow Mine  
  28  2:53  SCV  
  31  3:05  SCV  
  31  3:13  Widow Mine  
  31  3:16  Marine x2  
  31  3:17  SCV  
  36  3:24  Viking  
  37  3:29  SCV  
  37  3:33  Orbital Command  
  37  3:34  Marine x2  
  36  3:36  Widow Mine  
  40  3:42  SCV  
  40  3:48  Barracks  
  41  3:52  Supply Depot  
  41  3:54  Marine x2  
  43  3:55  Medivac  
  43  3:58  Factory Tech Lab  
  43  4:01  SCV  
  43  4:02  SCV  
  47  4:13  SCV, Marine x2  
  47  4:14  SCV  
  51  4:19  Siege Tank  
  51  4:21  Refinery  
  51  4:22  Bunker  
  54  4:27  Starport Tech Lab  
  54  4:28  SCV x2  
  56  4:32  Marine x2  
  56  4:37  Supply Depot  
  58  4:40  SCV  
  58  4:42  SCV  
  58  4:44  Barracks Tech Lab  
  60  4:46  Supply Depot, Raven  
  62  4:59  SCV x2, Siege Tank  
  67  5:11  SCV x2  
  69  5:14  Command Center  
  67  5:21  Marine x2  
  67  5:23  SCV x2  
  69  5:33  Siege Tank  
  69  5:35  SCV x2, Stimpack  
  72  5:39  Supply Depot  
  72  5:43  Marine x2  
  72  5:44  Marine  
  72  5:47  SCV, Refinery  
  72  5:49  Engineering Bay  
  76  5:50  Supply Depot  
  76  5:54  SCV  
  77  5:57  Barracks  
  77  5:59  SCV  
  77  6:01  Marine  
  77  6:02  Marine x2, Starport Reactor  
  81  6:08  SCV  
  81  6:11  SCV  
  80  6:19  Marine  
  80  6:20  Engineering Bay, SCV  
  80  6:23  SCV  
  83  6:26  Missile Turret  
  83  6:27  Orbital Command  
  83  6:30  Supply Depot  
  83  6:32  SCV  
  84  6:34  Terran Infantry Weapons Level 1  
  84  6:35  SCV  
  84  6:37  Siege Tank  
  88  6:40  Missile Turret  
  88  6:43  Missile Turret  
  88  6:44  SCV, Marine  
  88  6:45  Marine  
  88  6:46  Combat Shield  
  91  6:47  SCV  
  91  6:52  SCV  
  93  6:56  SCV  
  93  7:00  SCV  
  93  7:01  Medivac  
  97  7:02  Barracks x2  
  97  7:05  Medivac  
  97  7:06  Marine x2  
  97  7:07  Marine x2  
  97  7:08  SCV  
  104  7:10  Terran Infantry Armor Level 1  
  104  7:22  SCV x2  
  106  7:25  Command Center  
  106  7:27  SCV  
  105  7:31  Supply Depot, Armory  
  105  7:32  Refinery  
  105  7:34  SCV  
  105  7:35  SCV  
  107  7:39  Widow Mine x2, Marine x2  
  107  7:40  Missile Turret, Marine  
  107  7:41  Missile Turret  
  107  7:42  SCV  
  115  7:45  Supply Depot  
  115  7:46  SCV  
  115  7:49  Missile Turret  
  115  7:51  Concussive Shells  
  116  7:52  Barracks Reactor x2  
  116  7:53  SCV  
  116  7:54  SCV  
  116  7:57  Supply Depot, Missile Turret  
  118  8:03  Marauder x3  
  124  8:09  Widow Mine x2  
  124  8:10  Supply Depot  
  128  8:17  SCV  
  128  8:18  SCV  
  130  8:21  Ghost Academy, Medivac x2  
  130  8:26  Marauder x3  
  140  8:33  Terran Infantry Weapons Level 2  
  140  8:35  Terran Vehicle Weapons Level 1  
  140  8:36  SCV x3, Factory Tech Lab  
  143  8:48  SCV  
  142  8:50  Marine x2  
  142  8:51  Marauder x3  
  142  8:55  Viking x2  
  154  8:58  Enhanced Shockwaves  
  154  9:03  Supply Depot x2  
  154  9:08  Siege Tank  
  157  9:11  Ghost x2  
  161  9:17  Supply Depot  
  161  9:20  Terran Infantry Armor Level 2  
  161  9:22  Command Center  
  161  9:32  Viking  
  161  9:33  Viking  
  164  9:42  Marine x3  
  167  9:49  Ghost  
  167  9:50  Ghost  
  167  9:51  SCV x2  
  168  9:53  SCV  
  169  10:00  Planetary Fortress  
  169  10:03  SCV  
  168  10:07  Missile Turret  
  168  10:09  Missile Turret  
  168  10:10  Refinery  
  168  10:12  Refinery  
  168  10:19  Supply Depot  
  168  10:20  Missile Turret  
  168  10:21  Ghost  
  168  10:22  Ghost  
  172  10:29  Command Center  
  172  10:32  Supply Depot  
  172  10:33  Terran Ship Weapons Level 1  
  172  10:34  Missile Turret  
  170  10:44  Siege Tank  
  170  10:48  Liberator  
  170  10:49  Orbital Command  
  176  10:51  Command Center  
  176  10:55  Missile Turret  
  176  10:57  Missile Turret  
  176  10:58  Missile Turret  
  176  11:04  Sensor Tower  
  176  11:05  Liberator  
  179  11:13  Starport  
  179  11:18  Missile Turret  
  179  11:19  Siege Tank  
  179  11:20  Command Center x2  
  179  11:24  Starport  
  182  11:27  Fusion Core  
  182  11:33  Viking  
  184  11:45  Missile Turret  
  184  11:48  Viking  
  184  11:51  Ghost  
  184  11:52  Ghost  
  190  12:01  Missile Turret  
  190  12:04  Command Center, Starport Reactor  
  190  12:05  Orbital Command  
  190  12:08  Armory  
  172  12:18  Viking x4  
  180  12:22  Terran Infantry Weapons Level 3  
  180  12:24  Orbital Command  
  180  12:36  Missile Turret, Orbital Command  
  180  12:50  Missile Turret  
  180  12:51  Missile Turret  
  172  12:52  Missile Turret  
  172  12:53  Missile Turret  
  172  12:55  Missile Turret  
  172  12:58  Viking x5  
  178  13:02  Advanced Ballistics  
  182  13:08  Terran Ship Weapons Level 2  
  182  13:09  Terran Vehicle And Ship Armor Level 1  
  182  13:17  Orbital Command  
  182  13:20  Missile Turret  
  182  13:22  Planetary Fortress  
  182  13:26  Missile Turret, Sensor Tower  
  182  13:27  Missile Turret  
  182  13:31  Liberator x2, Missile Turret  
  188  13:36  Refinery  
  188  13:37  Refinery  
  188  13:45  Command Center, Missile Turret  
  188  13:53  Widow Mine  
  188  13:54  Viking x2  
  188  13:55  Liberator, Viking  
  190  14:06  Terran Infantry Armor Level 3  
  190  14:07  Marine x4  
  190  14:08  Marine x3  
  184  14:14  Viking  
  186  14:17  Liberator  
  186  14:20  Command Center  
  186  14:22  Command Center  
  189  14:26  Liberator  
  189  14:27  Viking x2  
  196  14:34  Missile Turret  
  196  14:38  Missile Turret  
  196  14:39  Missile Turret  
  196  14:40  Missile Turret x2  
  196  14:59  Neosteel Armor  
  184  15:06  Viking  
  186  15:13  Viking x2  
  186  15:14  Viking x3  
  194  15:19  Orbital Command  
  196  15:34  Terran Ship Weapons Level 3, Terran Vehicle And Ship Armor Level 2  
  196  15:47  Orbital Command x2  
  196  15:48  Orbital Command  
  196  15:50  Command Center, Missile Turret, Sensor Tower  
  196  15:52  Marine x2  
  196  15:53  Marauder  
  200  16:02  Missile Turret  
  200  16:03  Missile Turret  
  200  16:05  Missile Turret  
  200  16:15  Missile Turret  
  200  16:16  Missile Turret  
  200  16:18  Ghost  
  198  16:21  Missile Turret  
  198  16:23  Missile Turret  
  198  16:24  Personal Cloaking  
  200  16:27  Missile Turret  
  198  16:39  Hi-Sec Auto Tracking  
  198  16:44  Sensor Tower  
  198  16:47  Ghost  
  198  16:48  Missile Turret  
  198  16:53  Refinery x2  
  200  16:54  Command Center  
  200  17:00  Rapid Reignition System  
  197  17:19  Ghost x3  
  197  17:28  Orbital Command  
  197  17:47  Ghost  
  197  17:50  Nuke  
  199  17:54  Terran Vehicle And Ship Armor Level 3  
  199  17:59  Factory  
  199  18:08  Ghost Academy  
  199  18:11  Terran Vehicle Weapons Level 2  
  197  18:43  Ghost  
  197  18:47  Ghost x2  
  199  19:00  Nuke x2  
  199  19:02  Missile Turret  
  199  19:17  Missile Turret, Sensor Tower  
  199  19:19  Missile Turret  
  199  19:21  Missile Turret  
  198  19:29  Factory Tech Lab  
  194  19:42  Viking  
  194  19:43  Viking x2  
  198  19:53  Planetary Fortress  
  198  19:56  Nuke  
  194  20:09  Ghost x2  
  192  20:30  Ghost  
  192  20:32  Starport  
  192  20:34  Terran Vehicle Weapons Level 3, Starport  
  194  20:35  Starport  
  194  20:37  Ghost x2  
  195  20:49  Refinery x2  
  194  20:58  Ghost  
  196  21:07  Ghost x2  
  176  21:13  Liberator x2, Viking x2  
  176  21:16  Marine  
  177  21:21  Barracks  
  177  21:23  Barracks  
  177  21:27  Ghost  
  177  21:29  Viking x2  
  183  21:36  Marauder x2  
  187  21:43  Viking  
  186  21:51  Viking  
  186  21:53  Viking x2  
  184  21:54  Liberator  
  184  21:56  Liberator, Viking, Marauder  
  184  21:57  Ghost x2  
  184  21:59  Orbital Command  
  198  22:05  Missile Turret  
  198  22:07  Medivac  
  200  22:15  Nuke  
  200  22:16  Nuke  
  200  22:20  Viking x2  
  199  22:26  Refinery  
  199  22:28  Refinery  
  197  22:37  Command Center  
  197  22:38  Missile Turret  
  197  22:41  Refinery, Missile Turret  
  197  22:42  Refinery  
  178  23:13  SCV x4  
  178  23:15  Nuke  
  180  23:32  Viking x5  
  187  23:38  Medivac x3  
  187  23:40  Marine x2  
  187  23:41  Marauder x3  
  199  23:42  Barracks Tech Lab x2, Orbital Command  
  197  23:50  Orbital Command  
  185  24:10  Marauder x2  
  185  24:16  Medivac x3  
  193  24:19  Ghost x2  
  193  24:21  Planetary Fortress  
  197  24:36  Refinery  
  197  24:37  Sensor Tower  
  193  24:42  Orbital Command  
  193  24:48  Viking x3  
  193  25:17  Nuke x2  
  193  25:18  Marine  
  193  25:19  Marauder x3, Marine x2  
  198  25:49  Ghost  
  194  25:50  Ghost  
  194  25:51  Ghost x2  
  189  26:20  Ghost x2  
  189  26:22  SCV  
  195  26:32  SCV  
  195  26:33  SCV x5  
  197  26:54  Ghost  
  197  27:03  Sensor Tower  
  197  27:09  Nuke x2  
  197  27:19  Command Center  
  197  27:21  Missile Turret x2  
  193  27:39  Liberator x2  
  193  27:56  Liberator x4  
  158  28:03  Liberator x3  
  158  28:05  Marauder x4, Ghost  
  148  28:06  Marine x3  
  148  28:09  Siege Tank  
  148  28:10  Siege Tank  
  147  28:17  Marine  
  143  28:21  Liberator  
  143  28:22  Liberator  
  143  28:23  Marine  
  143  28:25  Ghost x2  
  143  28:26  Ghost  
  150  28:35  Ghost x2  
  150  28:39  Liberator x4  
  165  28:41  Siege Tank  
  165  28:42  Siege Tank  
  165  28:43  Marine x2  
  165  28:44  Marine  
  161  28:53  Liberator  
  161  28:54  Marine, Ghost x3  
  167  29:01  Marine x2  
  169  29:04  Marauder x2  
  171  29:12  Marine x2  
  171  29:14  Siege Tank x2  
  179  29:22  Orbital Command  
  179  29:23  Marauder x3  
  176  29:26  Marine  
  176  29:27  Marauder x2, Marine  
  176  29:30  Marine x2  
  183  29:44  Marauder  
  183  29:45  Marauder  
  187  29:46  Siege Tank x2  
  187  29:50  Marine x7  
  192  29:53  SCV  
  192  29:59  SCV x5  
  185  30:03  SCV x2  
  185  30:05  Marine x2  
  185  30:06  Planetary Fortress  
  189  30:07  Marine  
  189  30:08  Marine x4  
  189  30:11  Marine x2  
  196  30:18  Siege Tank  
  196  30:21  Viking x3  
  194  30:22  Orbital Command  
  194  30:26  Viking  
  195  30:30  SCV  
  195  30:32  SCV x4  
  200  30:40  Orbital Command  
  198  31:22  Marine x2  
  198  31:44  SCV x2  
  198  31:45  SCV  
  198  32:06  Viking  
  200  32:37  Marine x5  
  197  32:50  Orbital Command  
  178  33:01  Viking  
  178  33:02  Viking, Marauder, Marine x4  
  178  33:03  Marauder x4  
  165  33:19  SCV x4  
  164  33:20  Marine x4  
  164  33:23  Ghost x2  
  164  33:24  Marauder x3  
  178  33:27  SCV  
  179  33:37  Marine  
  179  33:38  Marine x3  
  179  33:40  Siege Tank x2  
  189  33:45  Marauder  
  189  33:46  Marauder x2  
  173  33:51  Ghost  
  173  33:52  Ghost  
  140  33:55  Marine x2  
  140  33:56  Marine x2  
  140  33:57  Liberator  
  129  34:06  Ghost x3  
  127  34:12  Siege Tank  
  127  34:13  Marine  
  131  34:20  Ghost x2  
  131  34:21  SCV x5  
  131  34:22  Marine x2  
  138  34:28  Marine  
  136  34:35  Marauder  
  136  34:36  Marauder x2  
  139  34:49  Siege Tank, Marine, Marauder  
  139  34:50  Marauder  
  129  34:55  Medivac  
  129  34:56  Marine  
  129  34:57  Marauder x3  
  134  35:01  SCV x2  
  134  35:02  SCV  
  134  35:04  Marine x2  
  134  35:05  Widow Mine  
  140  35:07  Marine  
  140  35:10  Marine  
  140  35:11  Marauder  
  144  35:14  Marine  
  144  35:18  Marine x3  
  148  35:21  Marine  
  129  35:32  Marauder x2, Marine x3  
  99  35:36  Marauder x2, Marine  
  99  35:39  Marine  
  94  35:49  Marine x2  
  94  35:50  Marine  
  94  35:51  Widow Mine, Orbital Command  
  94  35:53  Marine x2  
  94  35:55  Marine  
  102  35:57  Marine x3  
  97  36:07  Marine x2  
  97  36:08  Marine  
  97  36:11  Marine x2  
  93  36:22  Marine x2  
  93  36:23  Widow Mine  
  93  36:29  SCV  
  93  36:32  Marine  
  93  36:43  Marine  
  94  36:58  Marauder, Marine  
  75  37:07  Marine x5  
  80  37:15  Marine  
  80  37:19  Marine  
  80  37:24  Marine  
  80  37:25  Marine x3  
  77  37:37  Marine x2  
  77  37:38  SCV  
Tags
 
Add a new tag
Caveats
  • Supply blocks, unpowered buildings, or Contaminate may cause inaccurate times.
  • Supply counts are checked every 10 seconds.